 Dungeon Crawl Stone Soup version 0.32-a0-986-ga09f62fbf4 (webtiles) character file.

Game seed: 17131202674359723837

1861 octoduck the Cleaver (level 8, -3/63 HPs)
             Began as a Mountain Dwarf Fighter on Apr 22, 2024.
             Was a Believer of Cheibriados.
             Slain by an orc warrior
             ... wielding a +0 war axe
              (6 damage)
             ... on level 7 of the Dungeon.
             The game lasted 00:16:54 (5874 turns).

octoduck the Cleaver (Mountain Dwarf Fighter)       Turns: 5874, Time: 00:16:55

Health: -3/63      AC: 12    Str: 31    XL:     8   Next: 89%
Magic:  8/8        EV:  9    Int: 20    God:    Cheibriados [**....]
Gold:   243        SH:  5    Dex: 15    Spells: 7/7 levels left

rFire   . . .        a - +0 war axe (drain)
rCold   . . .        c - +0 buckler
rNeg    . . .        x - +4 ring mail of the Farmer {Int+3}
rPois   .            E - +0 helmet
rElec   .            t - +0 cloak
rCorr   .            (no gloves)
SInv    .            (no boots)
Will    .....        (no amulet)
Stlth   +            i - +6 ring of strength
HPRegen 0.30/turn    k - ring of flight
MPRegen 0.11/turn

%: no passive effects
@: flying, studying Shields, very slow
A: runic magic, artefact enchanting
a: Renounce Religion, Bend Time


You were on level 7 of the Dungeon.
You worshipped Cheibriados.
Cheibriados was pleased with you.
You visited 2 branches of the dungeon, and saw 8 of its levels.
You also visited: Sewer.

You collected 243 gold pieces.

Inventory:

Hand Weapons
 a - a +0 war axe of draining (weapon)
 C - the +1 short sword of the Nexus {distort, *Corrode rPois rF++ MP+9}
   (You found it on level 5 of the Dungeon)

   rF++:      It greatly protects you from fire.
   rPois:     It protects you from poison.
   MP+9:      It affects your magic capacity (+9).
   *Corrode:  It may corrode you when you take damage.
Missiles
 o - 5 silver javelins (quivered)
Armour
 c - a +0 buckler (worn)
 f - a +0 tower shield
 t - a +0 cloak (worn)
 x - the +4 ring mail of the Farmer (worn) {Int+3}
   (You found it in a sewer)

   Int+3:     It affects your intelligence (+3).
 E - a +0 helmet (worn)
Magical Staves
 G - a staff of alchemy
Jewellery
 i - a +6 ring of strength (left hand)
 j - a ring of ice
 k - a ring of flight (right hand)
 m - a ring of fire
Wands
 v - a wand of charming (1)
Scrolls
 b - a scroll of amnesia
 g - a scroll of fog {unknown}
 l - 2 scrolls of torment
 p - a scroll of blinking
 s - a scroll of brand weapon
 y - a scroll of immolation {unknown}
 D - a scroll of revelation
 H - a scroll of enchant weapon {unknown}
Potions
 d - a potion of might
 e - a potion of resistance
 h - a potion of berserk rage {unknown}
 u - a potion of cancellation {unknown}
 A - a potion of lignification {unknown}
 B - a potion of mutation
 F - a potion of haste {unknown}
Miscellaneous
 q - a box of beasts (inert)


   Skills:
 - Level 3.2 Fighting
 * Level 13.5 Axes
 - Level 3.2 Armour
 - Level 4.6 Shields


You had 7 spell levels left.
You didn't know any spells.
Your spell library contained the following spells:

 Spells                   Type           Power      Damage    Failure   Level
 Call Imp                 Summ           0%         N/A       34%         2
 Ensorcelled Hibernation  Hex/Ice        0%         N/A       34%         2
 Lesser Beckoning         Tloc           0%         N/A       34%         2
 Sublimation of Blood     Necr           0%         N/A       34%         2
 Fugue of the Fallen      Necr           0%         N/A       56%         3
 Maxwell's Portable Pile  Tloc           0%         2d(5-13)  56%         3
 Ozocubu's Armour         Ice            0%         N/A       56%         3
 Teleport Other           Tloc           0%         N/A       56%         3
 Anguish                  Hex/Necr       0%         N/A       93%         4
 Manifold Assault         Tloc           0%         N/A       100%        7
 Summon Hydra             Summ           0%         N/A       100%        7


Dungeon Overview and Level Annotations

Branches:
Dungeon (7/15)             Temple (1/1) D:4           Sewer (visited)

Altars:
Ashenzari
Cheibriados
Dithmenos
Elyvilon
Fedhas
Gozag
Kikubaaqudgha
Makhleb
Nemelex Xobeh
Qazlal
Sif Muna
Trog
Uskayaw
Vehumet
Xom
Yredelemnul
Zin

Shops:
D:2 [   D:3 [

Annotations:
D:3 2 transporters, tuffenuff's ghost, amateur FoEE
D:6 3 runed translucent doors, 2leafedclover's ghost, amateur MiBe


Innate Abilities, Weirdness & Mutations

Your spellcasting is much less encumbered by armour.
You can use scrolls of enchantment on lesser artefacts.


Message History

The orc warrior hits your larval weirdsting beast with a +0 glaive!
Your larval weirdsting beast dies!
Your larval weirdsting beast's corpse disappears in a puff of smoke!
The orc warrior throws a poisoned dart.
The poisoned dart barely misses you.
The orc warrior throws a poisoned dart.
The poisoned dart hits you!
You are poisoned.
You feel very sick.
The orc warrior dies!
Cheibriados appreciates the change of pace.
You feel sick.
As you read the scroll of identify, it crumbles to dust.
e - a potion of resistance You feel sick.
You feel sick.
You feel sick.
Okay, then.
Blink to where?
Press: ? - help, Dir - move target
Okay, then.
As you read the scroll of fear, it crumbles to dust.
You assume a fearsome visage.
The troll looks frightened!
You feel sick.
You feel sick.
You feel sick.
You are no longer poisoned.
An orc comes into view. It is wielding a +0 morningstar.
An orc warrior comes into view. It is wielding a +0 war axe.
The orc warrior shouts!
The orc barely misses you. The orc closely misses you.
You slash the orc warrior! You drain the orc warrior.
The orc warrior is moderately wounded.
You barely miss the orc. The orc warrior closely misses you.
The orc hits you but does no damage.
The orc warrior hits you with a +0 war axe.
The orc attacks as it pursues you! The orc hits you with a +0 morningstar.
* * * LOW HITPOINT WARNING * * *
The orc warrior hits you with a +0 war axe!
* * * LOW HITPOINT WARNING * * *
The orc warrior hits you with a +0 war axe.
You die...
Cheibriados appreciates the motionlessness of death.

,*,*,,*******,******** #..#
,,**,,,,,,,,,,* #..#
,,,,,,,,,,,**** #..# ,,**,*****,*
#..#
,,**,*****.###############..#####
,***,,,,,,..................T..).
,* *,*****,#####..###############
,* *,* *,* #oo# ,* #.* *,* #@.#
,* #.##***,* #..# ** #...,,,,*
#..# ####..#***** #<.######*****
.,....# #........,,,,* #**#..#
#.#######***,* .* #..##########.#
*,,,,,* .* #.............#
*,***** ,* ##.############ *,*


You could see an orc warrior (drained) and an orc.

Vanquished Creatures
  A steam dragon (D:6)
  A water moccasin (D:5)
  An orc warrior (D:4)
  A black bear (D:5)
  3 sky beasts (D:6)
  2 bullfrogs
  2 scorpions
  A gnoll sergeant (D:7)
  4 wights
  3 howler monkeys (D:7)
  2 bombardier beetles
  Crazy Yiuf (D:3)
  A hound (D:6)
  An iguana (D:5)
  3 orc wizards
  A hell rat (Sewer)
  5 adders
  3 gnolls
  2 river rats (Sewer)
  3 dart slugs
  11 orcs
  7 bats
  7 endoplasms
  5 giant cockroaches
  9 goblins
  7 hobgoblins
  3 jackals (D:3)
  5 quokkas
  3 ball pythons
  A frilled lizard (D:2)
  8 kobolds
  10 rats
117 creatures vanquished.

Vanquished Creatures (collateral kills)
  An orc warrior (D:7)
1 creature vanquished.

Grand Total: 118 creatures vanquished

Notes
Turn   | Place    | Note
-------+----------+-------------------------------------------
     0 | D:1      | octoduck the Mountain Dwarf Fighter began the quest for the
                  | Orb.
     0 | D:1      | Reached XP level 1. HP: 19/19 MP: 1/1
   189 | D:1      | Reached skill level 3 in Axes
   213 | D:1      | Reached XP level 2. HP: 26/26 MP: 2/2
   530 | D:1      | Reached skill level 4 in Axes
   815 | D:2      | Reached XP level 3. HP: 29/31 MP: 3/3
  1227 | D:2      | Found Faggumya's Armour Shoppe.
  1810 | D:3      | Noticed tuffenuff's ghost (amateur FoEE)
  1812 | D:3      | Found a transporter.
  1842 | D:3      | Reached skill level 5 in Axes
  2029 | D:3      | Found a transporter.
  2238 | D:3      | Found Lotinn's Antique Armour Emporium.
  2302 | D:3      | Found a runed translucent door.
  2303 | D:3      | Noticed Crazy Yiuf
  2310 | D:3      | Killed Crazy Yiuf
  2311 | D:3      | Reached XP level 4. HP: 28/38 MP: 4/4
  2444 | D:4      | Found a staircase to the Ecumenical Temple.
  2452 | Temple   | Entered the Ecumenical Temple
  2464 | Temple   | Became a worshipper of Cheibriados the Contemplative
  2638 | D:4      | Found a glowing drain.
  2659 | D:4      | Reached XP level 5. HP: 35/45 MP: 5/5
  2662 | D:4      | Reached skill level 6 in Axes
  2675 | Sewer    | Entered a sewer
  2701 | Sewer    | Reached * piety under Cheibriados
  2873 | Sewer    | Identified the +4 ring mail of the Farmer {Int+3}
  3722 | D:5      | Entered Level 5 of the Dungeon
  3738 | D:5      | Noticed a black bear
  3741 | D:5      | Killed a black bear
  3742 | D:5      | Reached skill level 7 in Axes
  3742 | D:5      | Reached XP level 6. HP: 51/51 MP: 6/6
  3754 | D:5      | Noticed an orc warrior
  3774 | D:5      | Identified the +1 short sword of the Nexus {distort,
                  | *Corrode rPois rF++ MP+9}
  3852 | D:5      | Reached skill level 8 in Axes
  3854 | D:5      | Noticed a water moccasin
  3864 | D:5      | Killed a water moccasin
  4086 | D:4      | Killed an orc warrior
  4087 | D:4      | Reached skill level 9 in Axes
  4087 | D:4      | Reached XP level 7. HP: 36/57 MP: 7/7
  4401 | D:5      | Reached ** piety under Cheibriados
  4540 | D:6      | Reached skill level 10 in Axes
  4544 | D:6      | Found a runed translucent gate.
  4544 | D:6      | Found a runed translucent gate.
  4544 | D:6      | Found a runed translucent gate.
  4587 | D:6      | Noticed 2leafedclover's ghost (amateur MiBe)
  4837 | D:6      | Reached skill level 11 in Axes
  4837 | D:6      | Reached XP level 8. HP: 59/63 MP: 8/8
  5210 | D:7      | Noticed a troll
  5397 | D:6      | Reached skill level 12 in Axes
  5580 | D:7      | Reached skill level 13 in Axes
  5843 | D:7      | HP: 3/63 [poisoned by an orc warrior]
  5873 | D:7      | HP: 2/63 [orc warrior/+0 war axe (14)]
  5874 | D:7      | Slain by an orc warrior

Illustrated notes

Levels and vault maps discovered:
D:1:      shiori_arrival_oz, layout_basic, minmay_misc_feat_secret_circle,
          minmay_box_of_dots
D:2:      layout_basic, serial_shops, nicolae_shop_rolling_square,
          minmay_misc_feat_enclosed, roderic_filled_cross
D:3:      layout_loops_ring, gammafunk_ghost_arena, serial_shops,
          nicolae_shop_advertising_works [nicolae_subvault_shop_adworks],
          uniq_crazy_yiuf_cottage
D:4:      layout_loops_corners, minmay_temple_entry_ruins,
          gup_sewer_entry_glass, minmay_bent
D:5:      layout_rooms
D:6:      layout_cave_pools, gammafunk_ghost_necromancy
D:7:      layout_loops_ring, enter_bailey_5
Temple:   nicolae_temple_bog_church

Skill      XL: |  1  2  3  4  5  6  7  8 |
---------------+-------------------------+-----
Axes           | 3 4 5 7 9 11 13 | 13.5
Shields        | 4 |  4.6
Fighting       | |  3.2
Armour         | |  3.2

Action                     |  1- 3 |  4- 6 |  7- 9 || total
---------------------------+-------+-------+-------++-------
  Melee: War axe           |   137 |    97 |   133 ||   367
  Throw: Javelin           |       |     1 |       ||     1
 Invoke: Bend Time         |       |       |     2 ||     2
  Evoke: Wand              |       |     3 |     5 ||     8
         Box of beasts     |       |       |     1 ||     1
    Use: Scroll            |     5 |     4 |    10 ||    19
         Potion            |       |       |     3 ||     3
 Armour: Scale mail        |    96 |    49 |       ||   145
         Ring mail         |       |    22 |   151 ||   173
  Dodge: Dodged            |    51 |    45 |    76 ||   172
  Block: Buckler           |    34 |    26 |    46 ||   106

Table legend: (Time is in decaauts)
 A = Elapsed time spent in this place.
 B = Non-inter-level travel time spent in this place.
 C = Inter-level travel time spent in this place.
 D = Time resting spent in this place.
 E = Time spent auto-exploring this place.
 F = Levels seen in this place.
 G = Mean time per level.
                   A        B        C        D        E       F      G
               +--------+--------+--------+--------+--------+-----+--------+
         Total |   6824 |   6418 |    406 |   1033 |   3609 |   9 |  758.2 |
       Dungeon |   6519 |   6138 |    381 |    931 |   3557 |   7 |  931.3 |
        Temple |     30 |      6 |     24 |      0 |      0 |   1 |   30.0 |
         Sewer |    275 |    275 |      0 |    102 |     52 |   1 |  275.0 |
               +--------+--------+--------+--------+--------+-----+--------+

Top non-repeatable levels by time:
     D:4: 1573 daAuts
     D:6: 1192 daAuts
     D:2: 875 daAuts
     D:1: 835 daAuts
     D:5: 749 daAuts
     D:3: 738 daAuts
     D:7: 552 daAuts
   Sewer: 275 daAuts
  Temple: 30 daAuts
